 Dungeon Crawl Stone Soup version 0.31-a0-426-g3a05650e59 (webtiles) character file.

Game seed: 13836211872244631966

1478 floatRand the Grappler (level 8, -1/59 HPs)
             Began as a White Draconian Shapeshifter on July 30, 2023.
             Engulfed by a steam dragon's steam (5 damage)
             ... on level 6 of the Dungeon.
             The game lasted 00:04:20 (4462 turns).

floatRand the Grappler (DrSh)                       Turns: 4462, Time: 00:04:21

Health: -1/59      AC:  6    Str: 17    XL:     8   Next: 50%
Magic:  8/8        EV: 17    Int:  8    God:
Gold:   254        SH:  0    Dex: 15    Spells: 7/7 levels left

rFire   . .          .
                       - Unarmed
rCold   + . .        (no shield)
rNeg    . . .        (body armour unavailable)
rPois   .            (helmet currently unavailable)
rElec   .            (cloak currently unavailable)
rCorr   .            (gloves currently unavailable)
SInv    .            (boots currently unavailable)
Will    .....        w - amulet of regeneration
Stlth   +            d - +5 ring of evasion
HPRegen 1.09/turn    o - +4 ring of slaying
MPRegen 0.11/turn

%: no passive effects
@: short of breath, beast-form
A: beast (slay +4), breathe frost, AC +6, unfitting armour, cold resistance 1,
cold-blooded
a: Breathe Frost, Begin Untransformation


You were on level 6 of the Dungeon.
You were a hulking beast.
You visited 1 branch of the dungeon, and saw 6 of its levels.

You collected 254 gold pieces.

Inventory:

Armour
 k - a +0 leather armour
Jewellery
 d - a +5 ring of evasion (left hand)
 m - a ring of protection from cold
 n - a +6 ring of strength
 o - a +4 ring of slaying (right hand)
 p - a ring of positive energy
 w - an amulet of regeneration (around neck)
 y - a +6 ring of dexterity
Talismans
 b - a beast talisman (active)
 z - a serpent talisman
Scrolls
 a - a scroll of immolation {unknown}
 c - a scroll of enchant weapon {unknown}
 f - a scroll of vulnerability {unknown}
 h - a scroll of fog {unknown}
 i - a scroll of fear {unknown}
 l - a scroll of enchant armour {unknown}
 t - a scroll of teleportation {unknown}
 u - a scroll of amnesia {unknown}
 A - a scroll of blinking {unknown}
Potions
 e - a potion of enlightenment
 g - a potion of ambrosia
 j - a potion of attraction
 r - a potion of haste
 s - a potion of might
 v - a potion of brilliance
 x - a potion of heal wounds
 B - a potion of mutation {unknown}


   Skills:
 - Level 1.1 Fighting
 - Level 1.7 Dodging
 * Level 9.2 Unarmed Combat
 + Level 6.0 Shapeshifting


You had 7 spell levels left.
You didn't know any spells.
Your spell library contained the following spells:

 Spells                   Type           Power      Damage    Failure   Level
 Foxfire                  Conj/Fire      0%         2x1d4     41%         1
 Magic Dart               Conj           0%         1d3       41%         1
 Slow                     Hex            0%         N/A       41%         1
 Call Imp                 Summ           0%         N/A       54%         2
 Poisonous Vapours        Pois/Air       0%         N/A       54%         2
 Confusing Touch          Hex            0%         N/A       78%         3
 Mephitic Cloud           Conj/Pois/Air  0%         N/A       78%         3
 Vampiric Draining        Necr           0%         2d6       78%         3
 Summon Ice Beast         Ice/Summ       0%         N/A       99%         4
 Freezing Cloud           Conj/Ice/Air   0%         6-21      100%        5
 Summon Mana Viper        Hex/Summ       0%         N/A       100%        5
 Plasma Beam              Fire/Air       0%         2x1d10    100%        6
 Starburst                Conj/Fire      0%         6d3       100%        6
 Monstrous Menagerie      Summ           0%         N/A       100%        7


Dungeon Overview and Level Annotations

Branches:
Dungeon (6/15)
 Temple: D:4-7

Altars:
Cheibriados
Fedhas
Nemelex Xobeh

Annotations:
D:3 1 runed translucent door, Crazy Yiuf


Innate Abilities, Weirdness & Mutations

You are a hulking beast.
Your limbs bulge with bestial killing power. (Slay +4)
You can breathe waves of freezing cold which knock back foes.
Your icy white scales are hard. (AC +6)
You cannot fit into any form of body armour.
Your flesh is cold resistant. (rC+)
You are cold-blooded and may be slowed by cold attacks.


Message History

The steam dragon bites you. The steam dragon completely misses you.
The steam dragon hisses angrily.
You hit the steam dragon but do no damage.
The steam dragon barely misses you. The steam dragon misses you.
Unknown command.
You exhale a wave of freezing cold.
The freezing breath hits the steam dragon!
The steam dragon is moderately wounded.
The steam dragon is knocked back by the freezing wind.
The steam dragon collides with the steam dragon!
The steam dragon is lightly wounded.
The freezing breath hits the steam dragon!
The steam dragon is heavily wounded.
The freezing breath hits the steam dragon!
The steam dragon is moderately wounded.
The steam dragon is knocked back by the freezing wind.
The freezing breath hits the steam dragon!
The steam dragon is severely wounded.
The steam dragon is knocked back by the freezing wind.
Unknown command.
The steam dragon closely misses you. x2
You hit the steam dragon but do no damage.
The steam dragon is heavily wounded.
The steam dragon breathes steam at you.
The ball of steam hits the steam dragon.
The steam dragon resists.
The ball of steam hits you! The steam dragon barely misses you.
The steam dragon misses you.
Unknown command.
The steam dragon breathes steam at you. The ball of steam hits you!
You punch the steam dragon! You tail-slap the steam dragon.
You kill the steam dragon!
You are engulfed in a cloud of scalding steam.
Your Shapeshifting skill increases to level 6!
Unknown command.
The steam dragon breathes steam at you. The ball of steam hits you!!
* * * LOW HITPOINT WARNING * * *
You are engulfed in a cloud of scalding steam.
You die...

##### #...########
#.#........# #<..######.#
##.## #.# #.# #.# # #.#
#.# #######.#######.###
......#.........h§#
..###.#.#######.#§#
........# #.#§# ..###...#
#.#§# ........# #>#.#
#.#.....# #####.#.########
#........ .D§D..D.........
###.....####§##...........
##....# #.......#####


There were no monsters in sight!

Vanquished Creatures
  The ghost of Protee the Ruffian, a novice BaSh (D:5)
  A steam dragon (D:6)
  A water moccasin (D:5)
  Duvessa (D:5)
  A black bear (D:6)
  An ogre (D:5)
  A bullfrog (D:5)
  A scorpion (D:4)
  Dowan (D:5)
  A howler monkey (D:5)
  2 hounds (D:5)
  2 jellies (D:5)
  Terence (D:2)
  An orc wizard (D:5)
  4 iguanas
  13 adders
  A white imp (D:6)
  2 worms
  3 dart slugs
  8 orcs
  5 ball pythons
  6 endoplasms
  4 giant cockroaches
  9 goblins
  4 hobgoblins
  4 jackals
  2 quokkas
  6 bats
  2 frilled lizards (D:1)
  2 kobolds
  3 rats
94 creatures vanquished.

Notes
Turn   | Place    | Note
-------+----------+-------------------------------------------
     0 | D:1      | floatRand the Draconian Shapeshifter began the quest for
                  | the Orb.
     0 | D:1      | Reached XP level 1. HP: 16/16 MP: 1/1
   230 | D:1      | Reached XP level 2. HP: 17/23 MP: 2/2
   638 | D:2      | Reached XP level 3. HP: 22/28 MP: 3/3
   709 | D:2      | Reached skill level 4 in Unarmed Combat
   886 | D:2      | Noticed Terence
   892 | D:2      | Killed Terence
   893 | D:2      | Reached XP level 4. HP: 32/35 MP: 4/4
  1785 | D:3      | Found a runed translucent door.
  1786 | D:3      | Noticed Crazy Yiuf
  2488 | D:4      | Noticed a scorpion
  2500 | D:4      | Killed a scorpion
  2501 | D:4      | Reached skill level 5 in Unarmed Combat
  2501 | D:4      | Reached XP level 5. HP: 6/40 MP: 5/5
  3164 | D:5      | Entered Level 5 of the Dungeon
  3176 | D:5      | Reached XP level 6. HP: 47/47 MP: 6/6
  3386 | D:5      | Reached skill level 6 in Unarmed Combat
  3508 | D:5      | Noticed a water moccasin
  3517 | D:5      | Killed a water moccasin
  3524 | D:5      | Your scales start taking on an icy white colour.
  3524 | D:5      | Reached XP level 7. HP: 35/52 MP: 7/7
  3524 | D:5      | Gained mutation: Your flesh is cold resistant. (rC+) [White
                  | Draconian growth]
  3721 | D:5      | Found a sparkling altar of Nemelex Xobeh.
  3738 | D:5      | Found a blossoming altar of Fedhas.
  3795 | D:5      | Found a runed translucent door.
  3795 | D:5      | Found a snail-covered altar of Cheibriados.
  3809 | D:5      | Noticed Protee's ghost (novice BaSh)
  3898 | D:5      | Noticed Dowan
  3900 | D:5      | Noticed Duvessa
  3924 | D:5      | Killed Duvessa
  3925 | D:5      | Reached skill level 7 in Unarmed Combat
  3926 | D:5      | Killed Dowan
  3927 | D:5      | Reached skill level 5 in Shapeshifting
  4334 | D:5      | Killed Protee's ghost
  4335 | D:5      | Reached skill level 8 in Unarmed Combat
  4335 | D:5      | Reached XP level 8. HP: 59/59 MP: 8/8
  4432 | D:6      | Reached skill level 9 in Unarmed Combat
  4462 | D:6      | Engulfed by a steam dragon's steam

Illustrated notes

Levels and vault maps discovered:
D:1:      shiori_arrival_elements, layout_rooms
D:2:      minmay_chambers_of_ones, layout_loops_ring, grunt_decor_clamped,
          st_stairs_10, uniq_terence
D:3:      layout_loops_ring, minmay_tree_intersection, uniq_crazy_yiuf_cottage
D:4:      layout_basic, serial_forest, infiniplex_forest_straight_4,
          infiniplex_forest_clump_long, infiniplex_forest_lined_3_way,
          infiniplex_forest_pool, infiniplex_forest_end_1,
          infiniplex_forest_straight_2, infiniplex_forest_zigzag_1,
          infiniplex_forest_lined_ring
D:5:      layout_loops_corners, mainiacjoe_overflow_24_doors,
          mainiacjoe_overflow_tiny_flanked, fedhas_altar_3,
          ebering_ghost_sewer_d, chequers_hall_statues_wall_a, minmay_pentangle,
          uniq_duvessa
D:6:      layout_loops_ring

Skill      XL: |  1  2  3  4  5  6  7  8 |
---------------+-------------------------+-----
Unarmed Combat | 4 5 6 8 9 |  9.2
Shapeshifting  | 4 5 6 |  6.0
Fighting       | |  1.1
Dodging        | |  1.7

Action                     |  1- 3 |  4- 6 |  7- 9 || total
---------------------------+-------+-------+-------++-------
  Melee: Unarmed           |    67 |   124 |    57 ||   248
         Tailslap          |     4 |    10 |    12 ||    26
         Punch             |     1 |     5 |     3 ||     9
Ability: Breathe Frost     |       |       |     5 ||     5
    Use: Potion            |       |     3 |       ||     3
         Scroll            |       |       |     6 ||     6
   Stab: Sleeping          |     2 |     4 |       ||     6
 Armour: Skin              |    12 |    22 |     9 ||    43
  Dodge: Dodged            |    44 |    98 |    38 ||   180

Table legend: (Time is in decaauts)
 A = Elapsed time spent in this place.
 B = Non-inter-level travel time spent in this place.
 C = Inter-level travel time spent in this place.
 D = Time resting spent in this place.
 E = Time spent auto-exploring this place.
 F = Levels seen in this place.
 G = Mean time per level.
                   A        B        C        D        E       F      G
               +--------+--------+--------+--------+--------+-----+--------+
         Total |   4441 |   4348 |     93 |    243 |   3359 |   6 |  740.2 |
       Dungeon |   4441 |   4348 |     93 |    243 |   3359 |   6 |  740.2 |
               +--------+--------+--------+--------+--------+-----+--------+

Top non-repeatable levels by time:
     D:5: 1196 daAuts
     D:2: 1054 daAuts
     D:4: 833 daAuts
     D:3: 697 daAuts
     D:1: 565 daAuts
     D:6: 94 daAuts
